 Dungeon Crawl Stone Soup version 0.31.0-12-g77e489cdc1 (webtiles) character file.

Game seed: 8711298262870464374

1699 spaghetti the Fighter (level 9, -7/90 HPs)
             Began as a Naga Chaos Knight on Feb 27, 2024.
             Was a Plaything of Xom.
             Mangled by a sixfirhy (12 damage)
             ... summoned by a kobold demonologist
             ... on level 6 of the Dungeon.
             The game lasted 00:07:16 (5801 turns).

spaghetti the Fighter (Naga Chaos Knight)           Turns: 5801, Time: 00:07:17

Health: -7/90      AC:  7    Str: 15    XL:     9   Next: 3%
Magic:  9/9        EV:  9    Int: 16    God:    Xom [..*...]
Gold:   311        SH:  0    Dex: 17    Spells: 8/8 levels left

rFire   x .          .
                       - Unarmed
rCold   . . .        (no shield)
rNeg    . . .        a - +3 leather armour
rPois   +            (no helmet)
rElec   .            (no cloak)
rCorr   .            (no gloves)
SInv    +            (no barding)
Will    +....        (no amulet)
Stlth   +            (no ring)
HPRegen 0.35/turn    (no ring)
MPRegen 0.11/turn

%: clarity
@: very slow
A: AC +3, large, see invisible, deformed body, poison resistance, slowness 2,
spit poison 1, naga tail 1, stinger 1, agile 2, clarity, clever 1, heat
vulnerability 1, persistent drain
a: Spit Poison, Renounce Religion


You were on level 6 of the Dungeon.
You worshipped Xom.
You were a toy of Xom.
You visited 1 branch of the dungeon, and saw 6 of its levels.

You collected 311 gold pieces.

Inventory:

Missiles
 f - 3 javelins
Armour
 a - a +3 leather armour (worn)
Talismans
 j - a maw talisman
Wands
 h - a wand of flame (38)
Scrolls
 b - 2 scrolls of enchant weapon {unknown}
 d - a scroll of amnesia
 e - 4 scrolls of teleportation
 g - a scroll of identify
Potions
 c - 5 potions of curing
 i - a potion of attraction


   Skills:
 + Level 8.8 Fighting
 - Level 1.5 Armour
 - Level 0.7 Dodging
 + Level 8.2 Unarmed Combat


You had 8 spell levels left.
You didn't know any spells.
Your spell library contained the following spells:

 Spells                   Type           Power      Damage    Failure   Level
 Necrotise                Necr           0%         1d4       30%         1
 Tukima's Dance           Hex            0%         N/A       67%         3
 Ignite Poison            Fire/Alch      0%         N/A       97%         4
 Passage of Golubria      Tloc           0%         N/A       97%         4
 Sticky Flame             Fire/Alch      0%         2d4       97%         4
 Yara's Violent Unravell  Hex/Alch       0%         3d3       100%        5
 Ignition                 Fire           0%         3d3       100%        8


Dungeon Overview and Level Annotations

Branches:
Dungeon (6/15)
 Temple: D:4-7

Altars:
Xom
Yredelemnul

Shops:
D:4 (

Annotations:
D:3 3 runed translucent doors, Silvore's ghost, amateur MiFi
D:4 Blork the orc


Innate Abilities, Weirdness & Mutations

Your serpentine skin is tough. (AC +3)
You have supernaturally acute eyesight. (SInv)
Armour fits poorly on your strangely shaped body.
Your system is resistant to poisons. (rPois)
You cover ground very slowly.
You can spit poison.
You have a snake-like lower body.
Your tail ends in a venomous barb.
You are very agile. (Dex +8, Str/Int -2)
You possess an exceptional clarity of mind.
Your mind is acute. (Int +4, Str/Dex -1)
You are vulnerable to heat. (rF-)
Your health recovers twice as slowly from being drained.


Message History

You hear a splash. x2
You enter the shallow water.
The gnoll bouda gazes fiercely through you!
You feel your attacks grow feeble.
Items here: )) [[ ††.
Why would you want to do that?
Okay, then.
You see here a +0 giant club.
A gnoll bouda comes into view. It is wielding a +0 club.
A gnoll comes into view. It is wielding a +0 flail.
Your attacks no longer feel as feeble.
The gnoll shouts!
The gnoll bouda shouts!
A kobold brigand comes into view.
It is wielding a +0 dagger and quivering poisoned darts.
A kobold demonologist comes into view. It is wielding a +0 dagger.
The gnoll bouda barks out a call to the hunt!
The gnolls pick up the pace!
The kobold demonologist shouts!
Your crimson imp blinks!
The gnoll bouda barks out a call to the hunt!
The gnoll bouda picks up the pace!
Your crimson imp blinks!
The kobold demonologist begins to cast a cantrip, but forgets the words!
An orc priest comes into view. It is wielding a +0 flail.
You see here a +0 giant club.
The kobold demonologist gestures wildly while chanting.
Your crimson imp hits the gnoll bouda but does no damage.
Items here: ))) ††.
Your crimson imp blinks!
You see here a howler monkey corpse.
You see here a +0 dagger.
The orc priest shouts!
You hear a shout!
The sixfirhy hits you. The sixfirhy shocks you! The sixfirhy hits you!
* * * LOW HITPOINT WARNING * * *
The sixfirhy shocks you!
* * * LOW HITPOINT WARNING * * *
The sixfirhy hits you.
* * * LOW HITPOINT WARNING * * *
The sixfirhy shocks you!
You die...
Xom chuckles heartily!

####### °# #.°.....# ?#
##.......# .........#
.###......### #.........
##........> ...........
##.##########################...
.......K.))g).3@......P.....#.##
~....~~~≈≈g≈≈≈~~~~~~~~~~....#.##
~....~≈≈≈≈≈≈≈≈≈≈≈≈≈≈≈~≈~....#.##
~....~~o~K~~g≈≈≈~#####≈~....#.##
.......5.........#oO.#≈~....#.).
#''''#############...#≈~....####
#..o. #+###≈≈P...# # #....
#.~≈≈....# ' #.~≈≈....#


You could see a sixfirhy (summoned), a kobold brigand, 2 gnoll boudas and a
gnoll (swift).

Vanquished Creatures
  A steam dragon (D:6)
  A black bear (D:5)
  A sky beast (D:6)
  An ogre (D:6)
  A weeping skull (D:3)
  A scorpion (D:6)
  Dowan (D:5)
  3 howler monkeys
  A gnoll bouda (D:6)
  6 hounds
  4 orc priests
  4 iguanas (D:5)
  10 gnolls
  10 adders
  A shadow imp (D:5)
  A white imp (D:6)
  3 dart slugs
  9 orcs
  8 ball pythons
  5 bats
  6 endoplasms
  3 giant cockroaches
  6 goblins
  5 hobgoblins
  8 jackals
  3 quokkas
  3 frilled lizards
  3 kobolds
  3 rats
  A spectral orc (D:3)
113 creatures vanquished.

Vanquished Creatures (collateral kills)
  Duvessa (D:5)
  A black bear (D:6)
  A phantom (D:6)
  A jelly (D:6)
  An adder (D:5)
5 creatures vanquished.

Vanquished Creatures (others)
  A white imp (D:6)
  An orc (D:2)
2 creatures vanquished.

Grand Total: 120 creatures vanquished

Notes
Turn   | Place    | Note
-------+----------+-------------------------------------------
     0 | D:1      | spaghetti the Naga Chaos Knight began the quest for the
                  | Orb.
     0 | D:1      | Reached XP level 1. HP: 21/21 MP: 1/1
    67 | D:1      | XOM: silly message
   125 | D:1      | Reached XP level 2. HP: 28/28 MP: 2/2
   162 | D:1      | XOM is BORED!
   162 | D:1      | XOM: silly message
   165 | D:1      | XOM: cast spell 'Fugue of the Fallen'
   213 | D:1      | Found a faded altar of an unknown god.
   221 | D:1      | Got Plato's Quarto of the Damned
   239 | D:1      | XOM: silly message
   861 | D:1      | XOM is BORED!
   873 | D:1      | Reached XP level 3. HP: 33/36 MP: 3/3
   947 | D:2      | XOM: enchant monster (good)
   951 | D:2      | XOM: silly message
  1160 | D:1      | XOM: torment (19/36 hp)
  1229 | D:2      | XOM: silly message
  1270 | D:2      | Reached XP level 4. HP: 45/45 MP: 4/4
  1350 | D:2      | XOM: scenery: 1 doors open
  1529 | D:2      | XOM: silly message
  1572 | D:2      | XOM: silly message
  2013 | D:3      | Identified the +10 dagger "Xyk Eqos" {freeze, rPois rF-
                  | Will+ SInv}
  2030 | D:3      | Found a runed translucent gate.
  2030 | D:3      | Found a runed translucent gate.
  2383 | D:3      | Reached XP level 5. HP: 46/51 MP: 5/5
  2420 | D:3      | Found a basalt altar of Yredelemnul.
  2420 | D:3      | Noticed a weeping skull
  2447 | D:3      | Killed a weeping skull
  2448 | D:3      | Reached skill level 5 in Fighting
  2499 | D:3      | XOM: give mutations
  2499 | D:3      | Gained mutation: Your tail ends in a venomous barb. [Xom's
                  | grace]
  2499 | D:3      | Gained mutation: You are agile. (Dex +4, Str/Int -1) [Xom's
                  | grace]
  2499 | D:3      | Gained mutation: Your spells are a little harder to cast,
                  | but a little more powerful. [Xom's grace]
  2499 | D:3      | Gained mutation: You possess an exceptional clarity of
                  | mind. [Xom's grace]
  2594 | D:3      | XOM: god gift: scroll labelled DAETOE JOQEL {god gift}
  2602 | D:3      | Found a runed translucent gate.
  2602 | D:3      | Noticed Silvore's ghost (amateur MiFi)
  2849 | D:3      | XOM: give mutations
  2849 | D:3      | Gained mutation: You are vulnerable to heat. (rF-) [Xom's
                  | mischief]
  2849 | D:3      | Lost mutation: Your spells are a little harder to cast, but
                  | a little more powerful. [Xom's mischief]
  2849 | D:3      | Gained mutation: Your health recovers twice as slowly from
                  | being drained. [Xom's mischief]
  2865 | D:3      | XOM: god gift: 14 gold pieces
  2926 | D:4      | XOM: polymorph adder -> jackal
  2958 | D:4      | Found Kut Vae's Weapon Shop.
  3038 | D:4      | Reached XP level 6. HP: 49/61 MP: 6/6
  3069 | D:5      | Entered Level 5 of the Dungeon
  3162 | D:5      | Reached skill level 5 in Unarmed Combat
  3233 | D:5      | Noticed a black bear
  3241 | D:5      | Killed a black bear
  3242 | D:5      | Reached XP level 7. HP: 48/69 MP: 7/7
  3409 | D:5      | XOM: enchant monster (bad)
  3589 | D:5      | XOM: god gift: runed whip {god gift}
  3633 | D:5      | XOM: give mutations
  3633 | D:5      | Gained mutation: Your mind is acute. (Int +4, Str/Dex -1)
                  | [Xom's grace]
  3633 | D:5      | Gained mutation: You are very agile. (Dex +8, Str/Int -2)
                  | [Xom's grace]
  3651 | D:5      | Noticed Dowan
  3651 | D:5      | Noticed Duvessa
  3662 | D:5      | XOM: enchant monster (good)
  3669 | D:5      | Killed Duvessa
  3671 | D:5      | XOM: silly message
  3696 | D:4      | Noticed Blork the orc
  3697 | D:4      | XOM: cast spell 'Iskenderun's Battlesphere'
  3792 | D:5      | Killed Dowan
  3871 | D:5      | XOM: silly message
  3878 | D:5      | XOM: fog
  4069 | D:5      | XOM: scenery: create altars
  4337 | D:5      | XOM: summons 4 hostile demons
  4479 | D:6      | XOM: cast spell 'Monstrous Menagerie'
  4482 | D:6      | Reached XP level 8. HP: 68/80 MP: 8/8
  4543 | D:6      | XOM: fog
  4547 | D:6      | XOM: summons friendly iron imp
  5287 | D:6      | XOM: summons 8 friendly demons
  5686 | D:6      | XOM: 2-stop teleportation journey
  5761 | D:6      | XOM: summons friendly crimson imp
  5774 | D:6      | Reached XP level 9. HP: 60/90 MP: 9/9
  5793 | D:6      | Noticed a kobold demonologist
  5797 | D:6      | Noticed a sixfirhy
  5801 | D:6      | Mangled by a sixfirhy

Illustrated notes

Levels and vault maps discovered:
D:1:      mainiacjoe_arrival_oval_in_oval, layout_basic,
          shapermc_ecumenical_altar_rom_forum
D:2:      cheibrodos_pilgrimage, layout_basic
D:3:      layout_loops_cross, yredelemnul_forgotten_temple_becter,
          biasface_ghost_orc_armoury
D:4:      kennysheep_goblin_castle, layout_cave_pools,
          lightli_sewer_entry_pipes, serial_column_ruins,
          column_ruins_square_small, column_ruins_columns_straight,
          column_ruins_corridor_T, column_ruins_open_small,
          column_ruins_open_tiny, column_ruins_corridor_dead_end,
          column_ruins_grid_1, column_ruins_corridor_straight, st_stairs_5,
          nicolae_stop_n_shop_2, uniq_blork_the_orc
D:5:      layout_loops_cross, uniq_duvessa
D:6:      lemuel_castle_with_subvaults [lemuel_castle_interior_carwin_3],
          layout_basic, lemuel_flamethrower_2

Skill      XL: |  1  2  3  4  5  6  7  8 |
---------------+-------------------------+-----
Fighting       | 4 5 6 7 8 |  8.8
Unarmed Combat | 4 5 6 8 |  8.2
Armour         | |  1.5
Dodging        | |  0.7

Action                     |  1- 3 |  4- 6 |  7- 9 || total
---------------------------+-------+-------+-------++-------
  Melee: Unarmed           |    46 |   162 |   222 ||   430
         Punch             |     1 |     3 |    11 ||    15
Ability: Spit Poison       |    14 |    31 |    33 ||    78
    Use: Scroll            |     3 |     5 |     1 ||     9
         Potion            |     1 |     2 |     4 ||     7
   Stab: Distracted        |       |       |     1 ||     1
 Armour: Leather armour    |    32 |   120 |   180 ||   332
  Dodge: Dodged            |    27 |    78 |   104 ||   209
